 Dungeon Crawl Stone Soup version 0.27-a0-984-g00e00afbbc (webtiles) character file.

Game seed: 5721734849100802068

1654 Morbidden the Ruffian (level 8, -3/75 HPs)
             Began as a Troll Transmuter on Apr 15, 2021.
             Slain by Maggie
             ... wielding a +0 war axe
              (14 damage)
             ... on level 9 of the Dungeon.
             The game lasted 00:08:22 (6701 turns).

Morbidden the Ruffian (Troll Transmuter)            Turns: 6701, Time: 00:08:22

Health: -3/75      AC:  4    Str: 19    XL:     8   Next: 68%
Magic:  10/10      EV: 10    Int: 11    God:
Gold:   388        SH:  5    Dex: 10    Spells: 10/11 levels left

rFire    . . .     SeeInvis .     - Unarmed
rCold    . . .     Faith    .   (no shield)
rNeg     . . .     Spirit   .   a - +0 robe
rPois    .         Reflect  +   (helmet restricted)
rElec    .         Harm     .   (no cloak)
rCorr    +         Rampage  .   (gloves unavailable)
Will     +....                  (boots unavailable)
Stlth    +.........             v - amulet of reflection
HPRegen  1.22/turn              f - ring of resist corrosion
MPRegen  0.12/turn              q - ring of willpower

@: brilliant
A: large, unfitting armour, claws 3, regeneration 1, shaggy fur 1, tough skin 1
a: no special abilities


You were on level 9 of the Dungeon.
You visited 1 branch of the dungeon, and saw 8 of its levels.
You also visited: Sewer.

You collected 388 gold pieces.

Inventory:

Missiles
 s - 2 javelins (quivered)
 u - 8 atropa-tipped darts
 w - 2 throwing nets
Armour
 a - a +0 robe (worn)
Jewellery
 f - a ring of resist corrosion (left claw)
 q - a ring of willpower (right claw)
 v - an amulet of reflection (around neck)
Wands
 r - a wand of digging (2)
 t - a wand of flame (9)
 y - a wand of iceblast (8)
Scrolls
 b - 2 scrolls of fear
 e - 2 scrolls of enchant weapon
 j - 4 scrolls of teleportation
 m - a scroll of fog
 n - a scroll of vulnerability
 o - 2 scrolls of identify
Potions
 c - a potion of haste
 h - a potion of flight {unknown}
 i - a potion of lignification {unknown}
 k - a potion of curing
 l - a potion of heal wounds {unknown}
 p - a potion of might {unknown}
 x - a potion of invisibility {unknown}
 z - a potion of attraction


   Skills:
 * Level 3.5 Fighting
 + Level 0.2 Throwing
 + Level 3.7 Dodging
 + Level 1.2 Stealth
 + Level 1.2 Shields
 + Level 7.4 Unarmed Combat
 + Level 2.0 Spellcasting
 * Level 3.7 Transmutations


You had 10 spell levels left.
You knew the following spells:

 Your Spells              Type           Power      Damage    Failure   Level
a - Beastly Appendage     Tmut           28%        N/A       6%          1

Your spell library contained the following spells:

 Spells                   Type           Power      Damage    Failure   Level
 Wereblood                Tmut           14%        N/A       10%         2
 Animate Skeleton         Necr           2%         N/A       28%         1
 Apportation              Tloc           2%         N/A       28%         1
 Corona                   Hex            1%         N/A       28%         1
 Summon Small Mammal      Summ           4%         N/A       28%         1
 Spider Form              Tmut/Pois      3%         N/A       38%         3
 Ensorcelled Hibernation  Hex/Ice        2%         N/A       41%         2
 Confusing Touch          Hex            1%         N/A       65%         3
 Dazzling Flash           Conj/Hex       2%         N/A       65%         3
 Tukima's Dance           Hex            1%         N/A       65%         3
 Ice Form                 Ice/Tmut       7%         N/A       80%         4
 Hydra Form               Tmut           7%         N/A       86%         5


Dungeon Overview and Level Annotations

Branches:
Dungeon (7/15)              Sewer (visited)
 Temple: D:4-7

Altars:
Ashenzari
Fedhas
Kikubaaqudgha
Okawaru
Wu Jian
Zin

Shops:
D:4 :

Annotations:
D:9 Maggie


Innate Abilities, Weirdness & Mutations

You are too large for most types of armour.
You have claws for hands.
Your natural rate of healing is unusually fast.
You are covered in fur. (AC +1)
You have tough skin. (AC +1)


Message History

Maggie is heavily wounded.
You barely miss Maggie. Your headbutt misses Maggie.
Maggie is heavily wounded.
Maggie hits you with a +0 war axe!
* * * LOW HITPOINT WARNING * * *
You scratch Maggie but do no damage. You claw Maggie.
Maggie is heavily wounded.
Maggie barely misses you.
Unknown command.
Unknown command.
Unknown command.
You feel better. Maggie hits you with a +0 war axe!
* * * LOW HITPOINT WARNING * * *
Unknown command.
Unknown command.
Unknown command.
Unknown command.
Unknown command.
Unknown command.
You feel better. Maggie hits you with a +0 war axe!
* * * LOW HITPOINT WARNING * * *
Unknown command.
Unknown command.
Unknown command.
It was a potion of brilliance.
You feel clever all of a sudden.
Maggie mumbles some strange words.
Maggie attempts to bespell you!
You easily resist.
Unknown command.
Unknown command.
It was a potion of magic.
Magic courses through your body.
Your horns disappear.
Your talons disappear.
Maggie barely misses you.
Unknown command.
You feel more clever all of a sudden. Maggie closely misses you.
You claw Maggie!
Maggie is heavily wounded.
Maggie hits you with a +0 war axe!
You die...

#. #. ###.# ....##
##...##
####.....######
#............<#
#..@@.####.#
##......##.#
......#.#.##.###
................#
..#####..#.#..#.#####
. #...#.........#
##.#.#.#..###.#
#....#....##.## # #
#.#.#.#.#.##..#


You could see Maggie.

Vanquished Creatures
  Grinder (D:4)
  A steam dragon (D:6)
  A hornet zombie (D:6)
  2 black bears
  A necrophage (D:6)
  A centaur (D:6)
  2 ogres
  A scorpion (D:6)
  2 water moccasin skeletons
  2 jellies
  2 bullfrog skeletons (D:6)
  2 orc priests (D:4)
  2 iguanas (D:5)
  An orc wizard (D:4)
  3 hound skeletons
  A gnoll (D:1)
  13 adders
  2 adder skeletons (D:4)
  3 worms (D:4)
  3 dart slugs
  12 orcs
  14 ball pythons
  7 bats
  8 endoplasms
  3 giant cockroaches
  6 goblins
  9 hobgoblins
  16 jackals
  8 kobolds
  5 frilled lizards
  2 rats
136 creatures vanquished.

Vanquished Creatures (others)
  18 plants (Sewer)
18 creatures vanquished.

Grand Total: 154 creatures vanquished

Notes
Turn   | Place    | Note
-------+----------+-------------------------------------------
     0 | D:1      | Morbidden the Troll Transmuter began the quest for the Orb.
     0 | D:1      | Reached XP level 1. HP: 18/18 MP: 1/1
   175 | D:1      | Reached XP level 2. HP: 25/26 MP: 3/3
   219 | D:1      | Reached skill level 1 in Fighting
   491 | D:1      | Reached XP level 3. HP: 33/33 MP: 4/4
   862 | D:2      | Found an ancient bone altar of Kikubaaqudgha.
   908 | D:2      | Reached XP level 4. HP: 19/41 MP: 5/5
  1331 | D:2      | Reached skill level 4 in Unarmed Combat
  2084 | D:3      | Found a broken altar of Ashenzari.
  2196 | D:3      | Found an iron altar of Okawaru.
  2400 | D:3      | Found an ornate altar of the Wu Jian Council.
  2626 | D:4      | Found Ypiyfyme's Book Boutique.
  2658 | D:4      | Found a glowing drain.
  2664 | Sewer    | Entered a sewer
  2712 | Sewer    | Reached XP level 5. HP: 48/48 MP: 6/6
  3720 | D:4      | Reached XP level 6. HP: 52/57 MP: 5/7
  4038 | D:4      | Noticed Grinder
  4047 | D:4      | Killed Grinder
  4048 | D:4      | Reached skill level 5 in Unarmed Combat
  4053 | D:4      | Reached XP level 7. HP: 47/66 MP: 8/8
  4369 | D:4      | Found a glowing silver altar of Zin.
  4407 | D:5      | Entered Level 5 of the Dungeon
  4452 | D:5      | Identified the +6 spear "Yssen" {vorpal, Dex+2}
  4686 | D:5      | Reached skill level 6 in Unarmed Combat
  5758 | D:6      | Reached XP level 8. HP: 75/75 MP: 9/9
  5899 | D:6      | Found a blossoming altar of Fedhas.
  5964 | D:6      | Reached skill level 1 in Stealth
  6144 | D:6      | Reached skill level 7 in Unarmed Combat
  6169 | D:6      | Reached skill level 1 in Shields
  6585 | D:7      | You fall into a shaft and drop 2 floors!
  6681 | D:9      | Noticed Maggie
  6701 | D:9      | Slain by Maggie

Illustrated notes

Levels and vault maps discovered:
D:1:      amcnicky_arrival_choice, layout_loops_ring
D:2:      layout_loops_corners, basic_altar, kennysheep_generic_room_14
D:3:      layout_basic, nicolae_overflow_crystal_walls, lemuel_tele_altar,
          old_standard_altar, amcnicky_mini_rare_corridor_liquid,
          kennysheep_another_room, minivault_4
D:4:      minmay_wonky_spiral, layout_loops_ring, zin_treasury,
          portal_sewer_entry_e, serial_shops, kennysheep_mini_moat, uniq_grinder
D:5:      layout_layer_cave, minmay_misc_feat_more_columns, due_unseen_surprise
D:6:      layout_loops_ring, fedhas_altar_4, kennysheep_diamond
D:7:      layout_layer_cave, nemelex_diamond_rough_becter,
          minmay_temple_entry_statues_fountains
D:9:      layout_loops_ring, erik_lair_orcish_takeover, serial_shops,
          nicolae_shop_temple_entry_statues_fountains, hangedman_decor_riveting,
          uniq_maggie, uniq_erolcha

Skill      XL: |  1  2  3  4  5  6  7  8 |
---------------+-------------------------+-----
Fighting       | 1 2 3 |  3.5
Unarmed Combat | 4 5 6 7 |  7.4
Dodging        | 2 3 |  3.7
Transmutations | 2 3 |  3.7
Stealth        | 1 |  1.2
Spellcasting   | 2 |  2.0
Shields        | 1 |  1.2
Throwing       | |  0.2

Action                   |  1- 3 |  4- 6 |  7- 9 || total
-------------------------+-------+-------+-------++-------
Melee: Unarmed           |   106 |   290 |   151 ||   547
       Punch             |     1 |     7 |     3 ||    11
       Headbutt          |       |     4 |     2 ||     6
       Kick              |       |     3 |     9 ||    12
Throw: Javelin           |       |       |     2 ||     2
 Cast: Beastly Appendage |       |     3 |     5 ||     8
Evoke: Wand              |       |       |     1 ||     1
  Use: Scroll            |       |     4 |     9 ||    13
       Potion            |       |       |     5 ||     5
 Stab: Sleeping          |     1 |     2 |     1 ||     4
Armor: Robe              |    40 |    64 |    25 ||   129
Dodge: Dodged            |    56 |   177 |    50 ||   283
Block: Other             |       |       |    25 ||    25

Table legend: (Time is in decaauts)
 A = Elapsed time spent in this place.
 B = Non-inter-level travel time spent in this place.
 C = Inter-level travel time spent in this place.
 D = Time resting spent in this place.
 E = Time spent auto-exploring this place.
 F = Levels seen in this place.
 G = Mean time per level.
                   A        B        C        D        E       F      G
               +--------+--------+--------+--------+--------+-----+--------+
         Total |   6789 |   6574 |    215 |    570 |   4692 |   9 |  754.3 |
       Dungeon |   5867 |   5652 |    215 |    370 |   4363 |   8 |  733.4 |
         Sewer |    922 |    922 |      0 |    200 |    329 |   1 |  922.0 |
               +--------+--------+--------+--------+--------+-----+--------+

Top non-repeatable levels by time:
     D:5: 1272 daAuts
     D:2: 1076 daAuts
     D:4: 996 daAuts
   Sewer: 922 daAuts
     D:3: 843 daAuts
     D:6: 833 daAuts
     D:1: 670 daAuts
     D:9: 114 daAuts
     D:7: 60 daAuts
